 Dungeon Crawl Stone Soup version 0.29.0-4-gdea44cf6ec (webtiles) character file.

Game seed: 17482225427575719007

2 qw the Sneak (level 1, -6/14 HPs)
             Began as a Gargoyle Delver on Sept 10, 2022.
             Mangled by a worm (10 damage)
             ... on level 3 of the Dungeon.
             The game lasted 00:00:07 (408 turns).

qw the Sneak (Gargoyle Delver)                       Turns: 408, Time: 00:00:08

Health: -6/14      AC:  5    Str: 15    XL:     1   Next: 30%
Magic:  1/1        EV: 11    Int: 10    God:
Gold:   25         SH:  0    Dex: 11    Spells: 0/0 levels left

rFire   . . .      SeeInvis .   Y - +1 hand axe
rCold   . . .      Faith    .   (no shield)
rNeg    + . .      Spirit   .   b - +0 leather armour
rPois   inf        Reflect  .   (no helmet)
rElec   +          Harm     .   (no cloak)
rCorr   .          Rampage  .   (no gloves)
Will    .....                   (no boots)
Stlth   +++.......              (no amulet)
HPRegen 0.04/turn               (no ring)
MPRegen 0.07/turn               (no ring)

@: no status effects
A: sickness immunity, AC +2, negative energy resistance 1, electricity
resistance, torment resistance 1, petrification resistance
a: no special abilities


You were on level 3 of the Dungeon.
You visited 1 branch of the dungeon, and saw 3 of its levels.

You collected 25 gold pieces.


Innate Abilities, Weirdness & Mutations

You are immune to sickness and miasma.
Your stone body is resilient. (AC +2)
You are immune to poison.
You resist negative energy. (rN+)
You are resistant to electric shocks. (rElec)
You are resistant to unholy torment.
You are immune to petrification.


   Skills:
 - Level 3.2 Fighting
 + Level 2.0 Axes
 - Level 1.5 Dodging
 - Level 5.4 Stealth


You couldn't memorise any spells.
You didn't know any spells.
Your spell library was empty.

Inventory:

Hand Weapons
 a - a +0 whip
 Y - a +1 hand axe (weapon)
Armour
 b - a +0 leather armour (worn)
Wands
 g - a wand of digging (3)
Potions
 c - a potion of heal wounds {unknown}
 f - a potion of haste

Dungeon Overview and Level Annotations

Branches:
Dungeon (5/15)
 Temple: D:4-7

Altars:


Message History

You hear the sound of rushing water.
There is an entrance to a sewer on this level.
Hurry and find it before the portal rusts away!
Found a fizzy pink potion.
There is a stone staircase leading down here.
Existing waypoints: (1) D:4 (2) D:5 Assign waypoint to what number? (0-9, D - delete waypoint) Waypoint 2 re-assigned from D:5 to D:3.
Enter note:
371 ||| PLANNING SEWER A rat comes into view.
You hit the rat.
You kill the rat!
Your Axes skill increases to level 2!
Found a stone staircase leading up.
c - a fizzy pink potion A worm comes into view.
You barely miss the worm. The worm bites you!
Ouch! That really hurt!
You barely miss the worm. You hit the worm.
The worm is moderately wounded.
The worm bites you.
You barely miss the worm.
The worm is moderately wounded.
The worm misses you.
You hit the worm.
The worm is moderately wounded.
The worm barely misses you.
You hit the worm.
The worm is heavily wounded.
You hit the worm.
The worm is heavily wounded.
The worm closely misses you.
You hit the worm.
The worm is heavily wounded.
The worm bites you!
Ouch! That really hurt!
You die...

##....# #.....# #.....#
#.....# #..........#
#.....# #..........#
~~##....# +...........
~~~.....#####...........
#..w@...##..........
####....##........
#.........#..#
#####........#####.
###.....>......
................
....#.....#####.#
.<...#.....# . ....
#.....#


You could see a worm.

Vanquished Creatures
  A hobgoblin (D:4)
  A rat (D:3)
2 creatures vanquished.

Notes
Turn   | Place    | Note
-------+----------+-------------------------------------------
     0 | D:5      | qw the Gargoyle Delver began the quest for the Orb.
     0 | D:5      | Reached XP level 1. HP: 14/14 MP: 1/1
     0 | D:5      | 0 ||| qw: Version: 0.1-a-117-gfe26ee0
     0 | D:5      | 0 ||| qw: Game counter: 9835
     0 | D:5      | 0 ||| qw: Always use a shield: true
     0 | D:5      | 0 ||| qw: God list: Okawaru
     0 | D:5      | 0 ||| qw: Allow faded altars: false
     0 | D:5      | 0 ||| qw: Do Orc after D:15 true
     0 | D:5      | 0 ||| qw: Do second Lair branch before Depths: true
     0 | D:5      | 0 ||| qw: Lair rune preference: random
     0 | D:5      | 0 ||| qw: Plans: Normal
     0 | D:5      | 0 ||| PLANNING D:1-11
    34 | D:5      | 34 ||| READING scroll labelled APHIOMP SEAN.
    35 | D:5      | 35 ||| DRINKING 2 green potions.
    58 | D:5      | 58 ||| FLEEEEING.
    62 | D:5      | 62 ||| STAIRDANCE
   325 | D:4      | 325 ||| READING scroll labelled VAX TU BE RIMN.
   361 | D:4      | 361 ||| DROPPING scroll of fog.
   362 | D:4      | 362 ||| DROPPING scroll of magic mapping.
   363 | D:4      | 363 ||| DROPPING scroll of fear.
   364 | D:4      | 364 ||| DROPPING potion of berserk rage.
   371 | D:3      | 371 ||| PLANNING SEWER
   408 | D:3      | Mangled by a worm

Levels and vault maps discovered:
D:3:      layout_basic, nicolae_dithmenos_the_darkroom,
          mainiacjoe_overflow_24_doors, gup_sewer_entry_bubbles,
          chequers_ecumenical_altar_grove, corner_web_ring, goddamned_bats,
          uniq_pargi
D:4:      layout_basic, chei_slow_surprise, serial_shops, shop,
          serial_bayou_pond_d
D:5:      cheibrodos_barr_body, layout_loops_cross, minmay_temple_entry_ruins,
          st_stairs_1, pf_guarded_unrand_meek

Skill      XL: |  1 |
---------------+----+-----
Axes           | 2 |  2.0
Fighting       | |  3.2
Dodging        | |  1.5
Stealth        | |  5.4

Action                   || total
-------------------------++-------
Melee: Hand axe          ||    15
  Use: Scroll            ||     2
       Potion            ||     1
Armor: Leather armour    ||     2
Dodge: Dodged            ||     5

Table legend:
 A = Non-vault XP
 B = Vault XP
 C = Vault XP percentage of total XP
 D = Non-vault monster count
 E = Vault monster count
 F = Vault count percentage of total count
                 A         B        C        D         E       F
            +---------+---------+-------+---------+---------+-------
      Total |       3 |       0 |   0.0 |       2 |       0 |   0.0
            +---------+---------+-------+---------+---------+-------
        D:3 |       1 |       0 |   0.0 |       1 |       0 |   0.0
        D:4 |       2 |       0 |   0.0 |       1 |       0 |   0.0
            +---------+---------+-------+---------+---------+-------
